 Dungeon Crawl Stone Soup version 0.18.1-48-g4cf74bf (webtiles) character file.

58 tyranidshit the Skirmisher (level 3, -6/31 HPs)
             Began as a Demonspawn Abyssal Knight on Sept 8, 2016.
             Was a Believer of Lugonu.
             Mangled by a worm (7 damage)
             ... on level 2 of the Dungeon.
             The game lasted 00:04:44 (1561 turns).

tyranidshit the Skirmisher (DsAK)                   Turns: 1561, Time: 00:04:45

Health: -6/31      AC:  5    Str: 13    XL:     3   Next: 76%
Magic:  4/4        EV: 11    Int: 13    God:    Lugonu [**....]
Gold:   67         SH:  0    Dex: 12    Spells: 0 memorised, 2 levels left

rFire  . . .     SeeInvis .     a - +1 hand axe
rCold  . . .     Gourm    .     b - +0 leather armour
rNeg   . . .     Faith    .     (no shield)
rPois  .         Spirit   .     (no helmet)
rElec  .         Dismiss  .     d - +1 cloak
rCorr  .         Reflect  .     (no gloves)
SustAt .         Harm     .     (no boots)
MR     .....     Rnd*Tele +     (no amulet)
Stlth  ++........               (no ring)
                                e - ring of teleportation (curse)

@: not resistant to hostile enchantments, unstealthy
A: nightstalker 1
a: Depart the Abyss, Bend Space, Renounce Religion


You were on level 2 of the Dungeon.
You worshipped Lugonu.
Lugonu was pleased with you.
You were not hungry.

You visited 1 branch of the dungeon, and saw 2 of its levels.
You visited the Abyss 1 time.

You collected 67 gold pieces.

Inventory:

Hand Weapons
 a - a +1 hand axe (weapon)
Armour
 b - a +0 leather armour (worn)
 d - a +1 cloak (worn)
Jewellery
 e - a cursed ring of teleportation (left hand)
Scrolls
 g - 2 scrolls of amnesia


   Skills:
 + Level 4.6 Fighting
 - Level 1.7 Axes
 - Level 1.7 Armour
 - Level 1.1 Dodging
 - Level 2.4 Invocations


You had 2 spell levels left.
You didn't know any spells.

Dungeon Overview and Level Annotations

Branches:
Dungeon (2/15)

Altars:
Nemelex Xobeh
Zin


Innate Abilities, Weirdness & Mutations

You are slightly more attuned to the shadows.


Message History

You hit the worm.
The worm is moderately wounded.
The worm bites you!
* * * LOW HITPOINT WARNING * * *
You hit the worm.
The worm is moderately wounded.
The worm bites you.
* * * LOW HITPOINT WARNING * * *
You barely miss the worm.
The worm is moderately wounded.
The worm closely misses you.
You hit the worm.
The worm is moderately wounded.
You hit the worm but do no damage.
The worm is moderately wounded.
The worm barely misses you.
You slash the worm!
The worm is severely wounded.
The worm bites you!
You die...

#######.##..#.#
#...........#.#
#.####.####...#
##.##.....##..##
#..#.......#..#
#..#.......#..#
#......_......#
#..#.......#..#
#..#.......#@.#
#..##.....##w.#
#..####.####..#
##......... ...#
#........## #..#
#.⌠.⌠...## #.##
# #.._...## #.#
####.⌠.⌠..#
(.†.......#


You could see a worm.

Vanquished Creatures
  A worm (D:2)
  2 dart slugs
  2 giant geckos (D:1)
  An orc (D:2)
  A giant cockroach (D:1)
  7 goblins
  7 hobgoblins
  4 jackals (D:1)
  6 bats
  A giant newt (D:1)
  7 kobolds
  3 rats
42 creatures vanquished.

Notes
Turn   | Place    | Note
--------------------------------------------------------------
     0 | Abyss:1  | tyranidshit the Demonspawn Abyssal Knight began the quest for the Orb.
     0 | Abyss:1  | Reached XP level 1. HP: 18/18 MP: 2/2
    33 | Abyss:1  | Noticed a mana viper
    48 | Abyss:1  | Noticed a demonic crawler
    54 | D:1      | Escaped the Abyss
   190 | D:1      | Reached skill level 1 in Dodging
   307 | D:1      | Gained mutation: You are slightly more attuned to the shadows. [demonic ancestry]
   307 | D:1      | Reached XP level 2. HP: 7/24 MP: 3/3
   336 | D:1      | Reached * piety under Lugonu
   462 | D:1      | HP: 1/25 [jackal (1)]
   736 | D:1      | Reached skill level 4 in Fighting
   804 | D:1      | Reached XP level 3. HP: 18/30 MP: 4/4
  1238 | D:2      | Reached ** piety under Lugonu
  1254 | D:2      | HP: 1/31 [poisoned by a kobold]
  1494 | D:2      | Found a sparkling altar of Nemelex Xobeh.
  1517 | D:2      | Found a glowing silver altar of Zin.
  1557 | D:2      | HP: 1/31 [worm (4)]
  1561 | D:2      | Mangled by a worm

Skill      XL: |  1  2 |
---------------+-------+-----
Dodging        | 1 |  1.1
Fighting       | 4 |  4.6
Axes           | |  1.7
Armour         | |  1.7
Invocations    | |  2.4

Action                   || total
-------------------------++-------
Melee: Hand axe          ||   115
Invok: Depart the Abyss  ||     1
  Use: Scroll            ||     6
 Stab: Sleeping          ||     2
  Eat: Bread ration      ||     1
       Beef jerky        ||     1
Armor: Leather armour    ||    61
Dodge: Dodged            ||   117
